 Dungeon Crawl Stone Soup version 0.30-a0-634-g8abc85282e (webtiles) character file.

Game seed: 4029573139222741527

32 Persephone the Trooper (level 3, -6/20 HPs)
             Began as a Vine Stalker Berserker on Jan 14, 2023.
             Was a Follower of Trog.
             Mangled by Terence
             ... wielding a +4 heavy mace
              (8 damage)
             ... on level 3 of the Dungeon.
             The game lasted 00:03:15 (1140 turns).

Persephone the Trooper (Vine Stalker Berserker)     Turns: 1140, Time: 00:03:16

Health: -6/20      AC:  2    Str: 21    XL:     3   Next: 25%
Magic:  0/4        EV: 12    Int:  7    God:    Trog [*.....]
Gold:   131        SH:  0    Dex: 13    Spells: 2/2 levels left

rFire   . . .      SeeInvis .    e - +1 war axe (heavy)
rCold   + . .      Faith    .    (no shield)
rNeg    . . .      Spirit   +    b - +0 animal skin
rPois   .          Reflect  .    (no helmet)
rElec   .          Harm     .    (no cloak)
rCorr   .          Rampage  .    (no gloves)
Will    .....                    (no boots)
Stlth   +                        (no amulet)
HPRegen 0.23/turn                i - ring of protection from cold
MPRegen 0.09/turn                (no ring)

@: no status effects
A: fangs 2, magic shield, antimagic bite, no potion heal 2
a: Renounce Religion, Berserk


You were on level 3 of the Dungeon.
You worshipped Trog.
Trog was aware of your devotion.
You visited 1 branch of the dungeon, and saw 3 of its levels.

You collected 131 gold pieces.

Inventory:

Hand Weapons
 a - a +0 hand axe
 e - a +1 heavy war axe (weapon)
Missiles
 g - 6 boomerangs (quivered)
Armour
 b - a +0 animal skin (worn)
Jewellery
 i - a ring of protection from cold (left hand)
 l - a ring of flight
Scrolls
 c - a scroll of noise {unknown}
 d - 4 scrolls of teleportation {unknown}
 f - a scroll of fog {unknown}
 h - a scroll of identify {unknown}
 j - a scroll of torment {unknown}
 m - a scroll of amnesia {unknown}
 n - a scroll of silence {unknown}
Potions
 k - a potion of flight {unknown}
 o - a potion of heal wounds {unknown}


   Skills:
 + Level 3.0 Fighting
 + Level 3.0 Axes
 + Level 2.0 Armour
 + Level 2.0 Dodging


You had 2 spell levels left.
You didn't know any spells.
Your spell library was empty.

Dungeon Overview and Level Annotations

Branches:
Dungeon (3/15)

Altars:

Annotations:
D:3 Terence


Innate Abilities, Weirdness & Mutations

You have extremely sharp teeth.
When hurt, damage is shared between your health and your magic reserves.
Your bite disrupts and absorbs the magic of your enemies.
Potions cannot restore your health.


Message History

The frilled lizard bites you.
You barely miss the frilled lizard. You bite the frilled lizard.
You kill the frilled lizard!
Trog accepts your kill.
No target in view!
Found 7 stones.
Key pressed, stopping explore.
Found a stone staircase leading down.
Terence, an endoplasm and a bat come into view.
Terence is wielding a +4 heavy mace.
Found a scroll labelled WOJAMA YSHOO.
Terence shouts!
There are monsters nearby!
Found a ring mail.
The bat barely misses you.
Terence drinks a potion.
Terence flickers and vanishes!
Deactivating autopickup; reactivate with Ctrl-A.
You slash the bat!
You kill the bat!
Trog accepts your kill.
You see here a bat corpse.
Found a scroll labelled UMUQOL POACEM.
The helpless endoplasm fails to defend itself.
You slice the endoplasm!!
You kill the endoplasm!
Trog accepts your kill.
Your Dodging skill increases to level 2!
No target in view!
A bat comes into view.
The bat hits you but does no damage.
You hit the bat.
You kill the bat!
Trog accepts your kill.
You see here a bat corpse.
You see here a scroll labelled UMUQOL POACEM.
Something hits you! Something hits you!
Ouch! That really hurt!
* * * LOW HITPOINT WARNING * * *
Something hits you!
You die...

.........#.#
##.###..##.###
#..##....#...####
(.##.##.........
#.##.####.......
#.##.# #.......
##....# ##.#..##
...####...#####....##
.........###...@.# #
.>....##.##..#.###
.........†..#?.#
?...........†.##
...#####.##.....# ...
#.###.#.....# # #.#
..###.... #.#.###
#### #[..


There were no monsters in sight!

Vanquished Creatures
  A dart slug (D:1)
  A ball python (D:2)
  7 endoplasms
  2 giant cockroaches (D:2)
  4 goblins
  2 hobgoblins
  2 quokkas (D:1)
  2 bats (D:3)
  2 frilled lizards
  A kobold (D:2)
24 creatures vanquished.

Notes
Turn   | Place    | Note
-------+----------+-------------------------------------------
     0 | D:1      | Persephone the Vine Stalker Berserker began the quest for
                  | the Orb.
     0 | D:1      | Reached XP level 1. HP: 11/11 MP: 2/2
   215 | D:1      | Reached XP level 2. HP: 16/16 MP: 3/3
   867 | D:2      | Reached XP level 3. HP: 18/20 MP: 4/4
  1125 | D:3      | Noticed Terence
  1139 | D:3      | HP: 1/20 [something (12)]
  1140 | D:3      | Mangled by Terence

Illustrated notes

Levels and vault maps discovered:
D:1:      dpeg_arrival_tiny_h, layout_rooms, minmay_door_square
D:2:      layout_rooms
D:3:      layout_rooms, uniq_terence

Skill      XL: |  1  2  3 |
---------------+----------+-----
Fighting       | 3 |  3.0
Axes           | 3 |  3.0
Armour         | 2 |  2.0
Dodging        | 2 |  2.0

Action                   || total
-------------------------++-------
Melee: War axe           ||    29
       Hand axe          ||     1
       Bite              ||     7
 Stab: Sleeping          ||     2
Armor: Animal skin       ||     3
Dodge: Dodged            ||    19

Table legend: (Time is in decaauts)
 A = Elapsed time spent in this place.
 B = Non-inter-level travel time spent in this place.
 C = Inter-level travel time spent in this place.
 D = Time resting spent in this place.
 E = Time spent auto-exploring this place.
 F = Levels seen in this place.
 G = Mean time per level.
                   A        B        C        D        E       F      G
               +--------+--------+--------+--------+--------+-----+--------+
         Total |   1168 |   1105 |     63 |      0 |    931 |   3 |  389.3 |
       Dungeon |   1168 |   1105 |     63 |      0 |    931 |   3 |  389.3 |
               +--------+--------+--------+--------+--------+-----+--------+

Top non-repeatable levels by time:
     D:1: 600 daAuts
     D:2: 491 daAuts
     D:3: 77 daAuts
